[Event "XII Figueira da Foz Open 2018"]
[Site "Figueira da Foz"]
[Date "2018.11.01"]
[Round "5"]
[White "Dias, Ricardo Pedro Cruz"]
[Black "Puglia, Francesco"]
[Result "1/2-1/2"]
[ECO "B87"]
[WhiteElo "2098"]
[BlackElo "1803"]
[Annotator "NA RC"]
[PlyCount "134"]
[EventDate "2018.10.30"]
[EventType "swiss"]
[EventCountry "POR"]
[SourceTitle "playchess.com"]
[Source "ChessBase"]
[SourceQuality "1"]
[TimeControl "40/5400+30:1800+30"]

1. e4 c5 2. Nf3 d6 3. d4 cxd4 4. Nxd4 Nf6 5. Nc3 a6 6. Bc4 e6 7. Bb3 b5 8. O-O Be7 9. f4 Bb7 10. Bxe6 {[%emt 0:07:50] B87: Sicilian Scheveningen/Najdorf: 6 Bc4, with early ...b5} (10. a3 Nbd7 11. Kh1 Nc5 12. e5 dxe5 13. fxe5 Nfe4 14. Nxe4 Bxe4 15. Ba2 O-O 16. c3 Qc7 17. Bf4 Rad8 {0-1 (48) Cruz,J (2432)-Santos Latasa,J (2536) Sitges 2017}) 10... fxe6 11. Nxe6 Qb6+ 12. Kh1 Kf7 13. Ng5+ Kg8 ({Predecessor:} 13... Ke8 14. Qe2 b4 15. Be3 Qc6 16. Nd5 Nxd5 17. exd5 Qxd5 18. Rad1 Qf5 19. Bd4 Kd7 20. Bxg7 Rg8 21. Be5 Rg6 {½-½ (21) Soelter,R-Hemmelgarn,K Borgholzhausen 1978}) 14. e5 Qc6 15. Rf2 Nfd7 16. Qg4 dxe5 17. Ne6 Bf6 18. f5 h5 19. Qg3 h4 20. Qg6 Nf8 21. Qg4 Nbd7 22. Be3 Re8 23. Rd1 Nxe6 24. fxe6 Qxe6 25. Qxe6+ Rxe6 26. Rxd7 Bc6 27. Rdd2 h3 28. Nd5 Kf7 29. b3 Rd8 30. c4 bxc4 31. bxc4 Red6 32. gxh3 Bxd5+ 33. cxd5 Rxd5 34. Rc2 R8d7 35. Kg2 Rd3 36. Bg5 Kg6 37. Bc1 Kh5 38. Rfe2 R3d5 39. Rc4 Kg6 40. Ra4 a5 41. Be3 Bg5 42. Bf2 Rd2 43. Rxd2 Rxd2 44. Kf3 e4+ 45. Rxe4 Rxa2 46. Re5 Bf6 47. Re6 Ra3+ 48. Kg2 a4 49. Ra6 Kf5 50. h4 $1 Ra2 51. Kf3 Ra3+ 52. Kg2 Kg4 53. Bg3 Ra2+ 54. Kf1 Kf3 55. Ke1 Ke3 56. Re6+ Kd3 57. h5 $2 (57. Kf1) 57... Bd4 58. Kf1 a3 59. Ra6 Ra1+ $2 (59... Bc5 60. Bd6 Ra1+ 61. Kg2 Bxd6 62. Rxd6+ Kc4) 60. Kg2 a2 61. Kh3 Kc2 62. Ra8 Bc3 63. Bd6 Kb3 $11 (63... Bf6 $17 64. Bf8 Kb3 65. Rb8+ Kc2 66. Rc8+ Kb2 67. Rb8+ Kc2 68. Rc8+ Kb3 69. Rb8+ Kc3) 64. Ra3+ Kb2 65. Rxc3 Re1 66. Ra3 a1=Q 67. Rxa1 Kxa1 1/2-1/2

[Event "XII Figueira da Foz Open 2018"]
[Site "Figueira da Foz"]
[Date "2018.11.01"]
[Round "5"]
[White "Pipiras, Filipa Fortuna"]
[Black "Morais, Vitor"]
[Result "1/2-1/2"]
[ECO "A40"]
[WhiteElo "1853"]
[BlackElo "1918"]
[Annotator "NA"]
[PlyCount "126"]
[EventDate "2018.10.30"]
[EventType "swiss"]
[EventCountry "POR"]
[SourceTitle "playchess.com"]
[Source "ChessBase"]
[SourceQuality "1"]
[TimeControl "40/5400+30:1800+30"]

1. d4 g6 2. c4 Bg7 3. Nc3 Nf6 4. Nf3 O-O 5. Bg5 d6 6. e3 Nbd7 7. Be2 h6 8. Bh4 e5 9. Qc2 c6 10. O-O Qe7 11. Rfd1 g5 {[%emt 0:00:25] E61: King's Indian: Early deviations for White, including Smyslov System} 12. Bg3 (12. dxe5 dxe5 13. Bg3 Nh5 14. Bd3 Nxg3 15. hxg3 Nc5 16. Bf5 e4 17. Bxc8 Raxc8 18. Nd4 f5 19. Qe2 {½-½ (57) Gausel,E (2479)-Djurhuus,R (2421) Norway 2018}) 12... Nh5 {[%emt 0:00:19] LiveBook: 4 Partien} 13. dxe5 Nxg3 14. hxg3 dxe5 15. Ne4 (15. Nd2 $14) 15... f5 $146 ({Predecessor:} 15... Nc5 16. Nd6 a5 17. Nxc8 Raxc8 18. Nd2 f5 {1-0 (48) Koc,I (2050)-Kocak,C (1944) Antalya 2017}) 16. Nd6 e4 17. Nxc8 Raxc8 18. Nd4 Ne5 $11 19. c5 Kh8 20. b4 a6 21. Rab1 Rf6 22. a4 Nd7 23. Qd2 Nf8 24. b5 cxb5 25. axb5 Rxc5 26. bxa6 bxa6 27. Qb4 Qc7 28. Nb3 Rc3 29. Nd4 f4 30. gxf4 gxf4 31. exf4 Rxf4 32. Bxa6 Rh4 33. Qb8 Qf7 34. g3 Qg6 35. Bf1 e3 36. Ne2 exf2+ 37. Kxf2 Rh2+ 38. Bg2 Rc2 39. Qa8 Rxe2+ 40. Kxe2 Qxg3 41. Kf1 Kh7 42. Qe4+ Kh8 43. Qf3 Qxf3+ 44. Bxf3 Rh4 45. Rb7 Rf4 46. Kg2 Rf5 47. Rc1 Rg5+ 48. Kf1 Kg8 49. Rcc7 Ne6 50. Re7 Nf8 51. Bd1 Bf6 52. Bb3+ Kh8 53. Rf7 Bg7 54. Rxg7 Rxg7 55. Rb8 Rg5 56. Rxf8+ Kg7 57. Rg8+ Kf6 58. Rh8 Rf5+ 59. Kg2 Kg5 60. Rg8+ Kf4 61. Kh3 Rh5+ 62. Kg2 Rg5+ 63. Rxg5 hxg5 1/2-1/2

[Event "XII Figueira da Foz Open 2018"]
[Site "Figueira da Foz"]
[Date "2018.11.01"]
[Round "5"]
[White "Louzao Brea, Jose Luis"]
[Black "Correia, Pedro Mourao Soares"]
[Result "1-0"]
[ECO "B01"]
[WhiteElo "1835"]
[BlackElo "1518"]
[Annotator "NA"]
[PlyCount "46"]
[EventDate "2018.10.30"]
[EventType "swiss"]
[EventCountry "POR"]
[SourceTitle "playchess.com"]
[Source "ChessBase"]
[SourceQuality "1"]
[TimeControl "40/5400+30:1800+30"]

1. e4 d5 2. exd5 Nf6 3. Bb5+ Bd7 4. Bc4 c6 5. Nc3 {B01: Scandinavian Defence} (5. dxc6 Nxc6 6. Nf3 e5 7. d3 Bg4 8. h3 Bh5 9. Nbd2 Qc7 10. c3 O-O-O 11. Qe2 Bc5 12. Ne4 Bb6 13. Bg5 Qe7 {1-0 (40) Zajarnyi,A (2337)-Kigel,D (2210) Rodatychi 2011}) 5... cxd5 6. Nxd5 e6 7. Nxf6+ Qxf6 8. Qf3 Qe5+ 9. Qe2 Qg5 10. f3 $146 ({Predecessor:} 10. g3 Bc6 11. f3 Nd7 12. d4 Qe7 {0-1 (41) Aubin,A (1760)-Chabot,J (1610) Niort 2002}) 10... Bd6 11. d4 Qf6 12. c3 O-O 13. Nh3 e5 14. Bg5 Qg6 15. g4 $2 (15. dxe5 $16 Bxh3 16. Be3 (16. gxh3 Qxg5 17. exd6 Nc6 $11) 16... Bxe5 17. gxh3) 15... exd4 16. Bd3 {[#]} f5 $1 17. O-O dxc3 18. bxc3 Nc6 19. Rad1 Ne5 $11 (19... Rae8 $17 20. Be3 {[#]} Bc5 $1 21. Bc4+ Kh8 22. Bxc5 Rxe2 23. Bxf8 Re4 $1 24. fxe4 Qxg4+ 25. Kh1 Qxe4+ 26. Kg1 Qg4+ 27. Kh1 Qxc4) 20. Bc2 (20. Be7 $1 $11 {remains equal.} Bxe7 21. Qxe5 Qb6+ 22. Nf2) 20... Nc6 21. Qb5 Kh8 22. Qd5 Be6 23. Qxd6 Rad8 1-0

[Event "XII Figueira da Foz Open 2018"]
[Site "Figueira da Foz"]
[Date "2018.11.01"]
[Round "5"]
[White "Morais, Mario Martins Freit"]
[Black "Silva, Pedro Gil Ferreira "]
[Result "0-1"]
[ECO "A06"]
[WhiteElo "1766"]
[BlackElo "1837"]
[Annotator "NA RC"]
[PlyCount "90"]
[EventDate "2018.10.30"]
[EventType "swiss"]
[EventCountry "POR"]
[SourceTitle "playchess.com"]
[Source "ChessBase"]
[SourceQuality "1"]
[TimeControl "40/5400+30:1800+30"]

1. d3 d5 2. Nf3 Nf6 3. c3 c5 4. g3 e6 5. Bg2 Nc6 6. Nbd2 Be7 7. Qc2 O-O 8. O-O Qc7 9. e4 b5 10. d4 cxd4 11. cxd4 Qb6 12. e5 Nd7 13. Nb3 a5 14. Be3 Ba6 15. Rfc1 Rfc8 16. Qd1 a4 17. Nbd2 Nb4 18. Bf1 Rxc1 19. Qxc1 Rc8 20. Qd1 h6 21. a3 Nc2 22. Rc1 Nxe3 23. Rxc8+ Bxc8 24. fxe3 Qc6 25. Bd3 Nb6 26. Bb1 Bb7 27. Qc2 Qxc2 28. Bxc2 Bc6 29. Kf2 Nc4 30. Nxc4 bxc4 31. Ng1 c3 32. bxc3 Bxa3 33. Ke1 Bc1 34. Kd1 Bxe3 35. Ne2 f5 36. Nc1 Bxc1 37. Kxc1 g5 38. Kb2 Kf7 39. h4 gxh4 40. gxh4 Kg6 41. Bd1 f4 42. Bg4 Bd7 43. Ka3 h5 44. Bh3 f3 45. Kb4 f2 0-1

[Event "XII Figueira da Foz Open 2018"]
[Site "Figueira da Foz"]
[Date "2018.11.01"]
[Round "5"]
[White "Asvestopoulou, Evdokia"]
[Black "Dong, Rafael"]
[Result "1-0"]
[ECO "E17"]
[WhiteElo "1720"]
[BlackElo "1360"]
[Annotator "NA RC"]
[PlyCount "49"]
[EventDate "2018.10.30"]
[EventType "swiss"]
[EventCountry "POR"]
[SourceTitle "playchess.com"]
[Source "ChessBase"]
[SourceQuality "1"]
[TimeControl "40/5400+30:1800+30"]

1. d4 Nf6 2. c4 e6 3. Nf3 b6 4. g3 Bb7 5. Bg2 Be7 6. O-O c5 7. e3 O-O 8. Nc3 d6 9. Re1 Nbd7 10. e4 d5 11. exd5 exd5 12. Ne5 cxd4 13. Qxd4 Bc5 14. Qd1 Nxe5 15. Rxe5 Qc7 16. Bf4 Bd6 17. Nb5 Qd7 18. Nxd6 Qxd6 19. cxd5 Qd7 20. d6 Bxg2 21. Kxg2 Rfe8 22. Rc1 Rxe5 23. Bxe5 Ne8 24. Rc3 f6 25. Qd5+ 1-0

[Event "XII Figueira da Foz Open 2018"]
[Site "Figueira da Foz"]
[Date "2018.11.01"]
[Round "5"]
[White "Dias, Jose Oliveira Gaspa"]
[Black "Sismeiro, Miguel"]
[Result "0-1"]
[ECO "A06"]
[WhiteElo "1605"]
[BlackElo "2008"]
[Annotator "NA RC"]
[PlyCount "62"]
[EventDate "2018.10.30"]
[EventType "swiss"]
[EventCountry "POR"]
[SourceTitle "playchess.com"]
[Source "ChessBase"]
[SourceQuality "1"]
[TimeControl "40/5400+30:1800+30"]

1. Nf3 d5 2. g3 Nf6 3. Bg2 Bg4 4. O-O e6 5. d3 Be7 6. Nbd2 {[%emt 0:00:39] A07: Barcza-System (Königsfianchetto mit möglichen Übergängen in andere Systeme)} O-O (6... c5 7. h3 Bh5 8. g4 Bg6 9. Ne5 Nbd7 10. Nxg6 hxg6 11. e4 dxe4 12. dxe4 Ne5 13. Qe2 g5 {½-½ (32) Ivanchuk,V (2710)-Lupulescu,C (2606) Batumi 2018}) 7. Qe1 c5 8. e4 Nc6 9. c3 b5 10. h3 Bh5 $146 ({Vorgänger:} 10... Bxf3 11. Bxf3 Qc7 12. Bg2 d4 13. f4 Rad8 14. Qe2 dxc3 15. bxc3 {0-1 (34) Grasse,H (1523)-Bastians,F (1865) Dortmund 2005}) 11. exd5 exd5 12. Ne5 (12. Qd1 $11 {remains equal.}) 12... Nxe5 13. Qxe5 Bd6 14. Qf5 Bg6 15. Qf3 Qb6 (15... Re8 $17 16. c4 Rc8 17. cxb5 Qd7) 16. Nb3 Rad8 17. Bg5 Be5 18. Rae1 Rfe8 19. Nc1 (19. Nxc5 $14 Qxc5 {[#]} 20. Rxe5 $1 ) 19... d4 20. cxd4 Bxd4 21. Rxe8+ Rxe8 22. b3 h6 23. Bxf6 Qxf6 24. Rd1 Qe5 25. Qc6 $2 (25. Kf1 $17 {war nötig.}) 25... Re6 26. Qd5 {[%emt 0:10:18] [#]} (26. Qa8+ $142 Kh7 27. Rf1) 26... Bxf2+ $1 27. Kxf2 Qe3+ 28. Kf1 Rf6+ 29. Bf3 Rxf3+ 30. Kg2 Rf2+ 31. Kh1 Qxg3 0-1

[Event "XII Figueira da Foz Open 2018"]
[Site "Figueira da Foz"]
[Date "2018.11.01"]
[Round "5"]
[White "Gama, Joao Goncalo Cereje"]
[Black "Guerreiro, Nuno"]
[Result "0-1"]
[ECO "B31"]
[WhiteElo "1598"]
[BlackElo "2069"]
[Annotator "NA"]
[PlyCount "106"]
[EventDate "2018.10.30"]
[EventType "swiss"]
[EventCountry "POR"]
[SourceTitle "playchess.com"]
[Source "ChessBase"]
[SourceQuality "1"]
[TimeControl "40/5400+30:1800+30"]

1. e4 c5 2. Nf3 Nc6 3. Bb5 g6 4. O-O Bg7 5. Re1 Nf6 6. c3 a6 7. Bf1 d6 8. h3 {[%emt 0:02:54] LiveBook: 3 Games} e5 9. d4 O-O 10. d5 {[%emt 0:01:29] B31: Sicilian: 2...Nc6 3 Bb5 g6} (10. a4 b6 11. dxc5 dxc5 12. Qc2 Qc7 13. Na3 Bb7 14. Nd2 Bh6 15. Ndc4 Bxc1 16. Rexc1 Ne7 17. f3 Rad8 18. Qf2 {1-0 (52) Bazant,P (2338)-Nedela,V (2328) Czech Republic 2017}) 10... Ne7 11. a4 b6 12. Na3 Ne8 13. Nc4 Rb8 $146 ({Predecessor:} 13... f5 14. a5 b5 15. Nb6 Ra7 16. b4 c4 17. Be3 Rb7 18. Nxc8 Qxc8 {1-0 (41) Cafferty,B-Bourne,J Staffordshire 1975}) 14. a5 b5 15. Nb6 Bb7 16. b4 Nc8 (16... c4 $11 {remains equal.}) 17. Nxc8 Rxc8 {[%emt 0:00:33] [#]} 18. Bd2 (18. c4 $1 $16) 18... h6 $2 {[%emt 0:01:04] [#]} (18... c4 $15) 19. Rc1 ({White should play} 19. c4 $1 $16) 19... f5 20. c4 bxc4 21. Bxc4 Nf6 ({Black should try} 21... fxe4 $14 22. Rxe4 Qd7) 22. Nh4 $2 (22. bxc5 $16 Rxc5 23. exf5) 22... Nxe4 23. Nxg6 Rf7 24. Rxe4 ({Besser ist} 24. Be2 $15) 24... fxe4 25. Qg4 $2 (25. bxc5 $17 {was the only chance.} Rxc5 26. Be3 Rxa5 27. Qg4) 25... cxb4 26. Qe6 $2 (26. Bxb4 {keeps fighting.} Qf6 27. Rc2) 26... Rcc7 27. Bxb4 Rcd7 $2 (27... Kh7 $19 {and Black stays clearly on top.} 28. Bxd6 Qg5) 28. Rc3 (28. Rc2 $17 {might work better.}) 28... Kh7 29. Rg3 ({Aber nicht} 29. Bxd6 $2 Rf6 $19) 29... Qf6 30. Kh2 Bc8 $2 (30... Rd8 $19 31. h4 Rc7) 31. Bxd6 $1 Rxd6 32. Qxc8 Qxf2 33. Nh4 (33. Qg4 $11 {bleibt in der Remisbreite.} Qf5 {[#]} 34. Nf8+ $1 Kh8 35. Ng6+ Kh7 36. Nf8+ $1 Kh8 37. Ng6+ Kh7) 33... Qf4 34. Qg4 Qxg4 35. Rxg4 (35. hxg4 $17 Rc7 36. Ba2) 35... Rf4 36. Kg3 $2 (36. g3 Rxg4 37. hxg4) 36... Bf6 37. Rxf4 exf4+ 38. Kg4 Bxh4 39. Kxh4 Rg6 40. Bf1 e3 41. Bd3 {[%emt 0:04:11] [#]} Kg7 $1 42. g4 Rd6 (42... fxg3 $142 43. Bxg6 g2 44. Kg4 g1=Q+ 45. Kf3 Qf2+ 46. Ke4 e2 47. d6 e1=Q+ 48. Kd5 Qf3+ 49. Kc5 Qxa5+ 50. Kd4 Qad5#) 43. Bc4 {[%emt 0:00:58] [#]} Rxd5 $1 44. Bxa6 Rxa5 45. Be2 Ra2 46. Bf3 e2 $19 47. Bxe2 Rxe2 48. g5 Rg2 49. gxh6+ Kh7 50. Kh5 f3 51. h4 Kh8 (51... Re2 $142 52. Kg5 f2 53. Kg4 f1=Q 54. Kg3 Rg2+ 55. Kh3 Qh1#) 52. h7 f2 53. Kh6 f1=Q 0-1

[Event "XII Figueira da Foz Open 2018"]
[Site "Figueira da Foz"]
[Date "2018.11.01"]
[Round "5"]
[White "Moes Joaquim, Carlos"]
[Black "Marcal, Armando Paulo Gomes"]
[Result "0-1"]
[ECO "E21"]
[WhiteElo "1415"]
[BlackElo "1751"]
[Annotator "NA"]
[PlyCount "70"]
[EventDate "2018.10.30"]
[EventType "swiss"]
[EventCountry "POR"]
[SourceTitle "playchess.com"]
[Source "ChessBase"]
[SourceQuality "1"]
[TimeControl "40/5400+30:1800+30"]

1. d4 Nf6 2. c4 e6 3. Nc3 Bb4 4. Nf3 b6 5. e3 Bb7 6. Be2 O-O 7. O-O c6 8. Qc2 d5 9. a3 Bxc3 10. Qxc3 Nbd7 11. Rd1 Ne4 12. Qc2 Qf6 13. b4 Rfd8 14. Bb2 Qh6 15. Rac1 Ndf6 16. Ne5 Nxf2 17. Kxf2 Ne4+ 18. Ke1 Qh4+ 19. g3 Qxh2 20. Bf3 Qxg3+ 21. Ke2 Qh2+ 22. Kf1 Ng3+ 23. Ke1 Qg1+ 24. Kd2 Qf2+ 25. Kd3 dxc4+ 26. Kxc4 Qxe3 27. Rd3 Ba6+ 28. Kc3 Bxd3 29. Qxd3 Qf4 30. Rg1 Nf5 31. Bc1 Qh2 32. Rg2 Qh4 33. Bd2 a5 34. Rg4 axb4+ 35. Kxb4 Qe7+ 0-1

[Event "XII Figueira da Foz Open 2018"]
[Site "Figueira da Foz"]
[Date "2018.11.01"]
[Round "5"]
[White "Goncalves, Lucas Jordao"]
[Black "Ferreira, Cristina"]
[Result "0-1"]
[ECO "C50"]
[WhiteElo "1401"]
[BlackElo "1069"]
[Annotator "NA RC"]
[PlyCount "59"]
[EventDate "2018.10.30"]
[EventType "swiss"]
[EventCountry "POR"]
[SourceTitle "playchess.com"]
[Source "ChessBase"]
[SourceQuality "1"]
[TimeControl "40/5400+30:1800+30"]

1. e4 e5 2. Nf3 Nc6 3. Bc4 Be7 4. c3 Nh6 5. d3 d6 6. O-O Bg4 7. Bxh6 gxh6 8. Nbd2 Rf8 9. Qb3 Na5 10. Qa4+ Bd7 11. Qxa5 b6 12. Qa6 Rg8 13. b4 Bg5 14. Qa3 Qe7 15. Kh1 Kf8 16. Rad1 Qf6 17. Nxg5 Qxg5 18. Rg1 Rg7 19. Nf3 Qf6 20. Qc1 Ke7 21. Qe3 Rag8 22. d4 Qg6 23. dxe5 b5 24. exd6+ cxd6 25. e5 Qxg2+ 26. Rxg2 d5 27. Qc5+ Ke6 28. Qd6+ Kf5 29. Qf6+ Ke4 30. Rd4# 0-1

[Event "XII Figueira da Foz Open 2018"]
[Site "Figueira da Foz"]
[Date "2018.11.01"]
[Round "5"]
[White "Fonseca, Rene Gil Bakker"]
[Black "Soares, Sara Joana De Moura"]
[Result "1/2-1/2"]
[ECO "C99"]
[WhiteElo "1378"]
[BlackElo "1481"]
[Annotator "NA RC"]
[PlyCount "96"]
[EventDate "2018.10.30"]
[EventType "swiss"]
[EventCountry "POR"]
[SourceTitle "playchess.com"]
[Source "ChessBase"]
[SourceQuality "1"]
[TimeControl "40/5400+30:1800+30"]

1. e4 e5 2. Nf3 Nc6 3. Bb5 a6 4. Ba4 Nf6 5. O-O Be7 6. Re1 b5 7. Bb3 O-O 8. c3 d6 9. h3 Na5 10. Bc2 c5 11. d4 cxd4 12. cxd4 Qc7 13. Nbd2 Bd7 14. Nf1 Rfc8 15. Re2 Nc6 16. Bg5 h6 17. Bxf6 Bxf6 18. dxe5 dxe5 19. Rc1 Nb4 20. Bb3 Qxc1 21. Qxd7 Qc7 22. Rd2 Ra7 23. Qg4 Rd8 24. Rxd8+ Qxd8 25. Kh2 Nd3 26. Ng3 Nxf2 27. Qg6 Nd3 28. Nh5 Qe7 29. Nh4 Kh8 30. Qg4 g6 31. Nxf6 Qxf6 32. Qc8+ Kg7 33. Nf3 Qf4+ 34. Kg1 Qc1+ 35. Qxc1 Nxc1 36. Bd5 Nd3 37. b3 f5 38. Kf1 Nb4 39. Be6 fxe4 40. a3 exf3 41. axb4 fxg2+ 42. Kxg2 Kf6 43. Bc8 a5 44. bxa5 Rxa5 45. Bd7 Ra2+ 46. Kf3 Rb2 47. Ke4 Rxb3 48. Bg4 Rb4+ 1/2-1/2

[Event "XII Figueira da Foz Open 2018"]
[Site "Figueira da Foz"]
[Date "2018.11.02"]
[Round "7"]
[White "Dias, Ricardo Pedro Cruz"]
[Black "Silva, Pedro Gil Ferreira "]
[Result "1-0"]
[ECO "B17"]
[WhiteElo "2098"]
[BlackElo "1837"]
[Annotator "NA RC"]
[PlyCount "108"]
[EventDate "2018.10.30"]
[EventType "swiss"]
[EventCountry "POR"]
[SourceTitle "playchess.com"]
[Source "ChessBase"]
[SourceQuality "1"]
[TimeControl "40/5400+30:1800+30"]

1. e4 c6 2. d4 d5 3. Nd2 dxe4 4. Nxe4 Nd7 5. Ng5 Ngf6 6. Bd3 e6 7. N1f3 Bd6 8. Qe2 h6 9. Ne4 Nxe4 10. Qxe4 Nf6 11. Qe2 b6 12. Bd2 Bb7 13. O-O-O Qc7 14. Ne5 O-O-O 15. f4 c5 {[%emt 0:10:03] B17: Caro-Kann: Modern Line (4...Nd7)} 16. dxc5 Bxc5 17. Kb1 Nd5 (17... Kb8 18. Rhf1 Nd5 19. c4 Nb4 20. Bxb4 Bxb4 21. Be4 Bd6 22. Bxb7 Qxb7 23. Qf3 Qxf3 24. Rxf3 Bxe5 25. Rxd8+ Rxd8 26. fxe5 {½-½ (32) Grandelius,N (2642)-Gharamian,T (2626) Germany 2017}) 18. a3 Rhe8 $146 ({Predecessor:} 18... g5 19. fxg5 hxg5 20. Ba6 Bxa6 21. Qxa6+ Kb8 22. Nd3 Be7 23. g3 {0-1 (42) Pogonina,N (2397)-Berzina,I (2243) Heraklio 2002}) 19. Bb5 Rf8 20. Rhf1 Nf6 21. Nd3 Ne4 22. Bb4 Bxb4 23. Nxb4 Rxd1+ 24. Rxd1 Rd8 25. Na6 Rxd1+ 26. Qxd1 Qd6 27. Qe2 Nc5 28. Nxc5 Qxc5 29. g3 Qd4 30. Qh5 Qd5 31. Qe2 Qd4 32. Be8 Qf6 {[%emt 0:03:43] [#]} (32... Bd5 $11 33. c3 Qe4+ 34. Qxe4 Bxe4+ 35. Kc1 f6) 33. Qh5 $1 g6 $1 34. Qxh6 Qd8 (34... Qd4 $1 $11 {remains equal.} 35. Bb5 Qg1+ 36. Ka2 Bd5+ 37. b3 (37. c4 Qc5 $16) 37... Qc5) 35. Bb5 (35. Ba4 $16) 35... Qe7 $2 (35... Qd1+ $11 36. Ka2 Qd8) 36. Qh8+ Kc7 37. Qe8 Kd6 $2 (37... Qxe8 $16 38. Bxe8 Be4) 38. Qb8+ Qc7 39. Qxa7 Qc5 40. Qb8+ Qc7 41. Qxc7+ Kxc7 42. Be8 Be4 43. Kc1 ({Weniger gut wäre} 43. Bxf7 Kd7 $18) 43... f6 44. Kd2 Kd6 45. Bb5 e5 46. Bd3 Bf3 47. Bxg6 Ke6 48. Ke3 $18 Bd1 49. Bd3 Bg4 50. a4 Kd6 51. b4 exf4+ 52. Kxf4 Bd7 53. a5 bxa5 54. bxa5 Kd5 {Ke4+} 1-0

[Event "XII Figueira da Foz Open 2018"]
[Site "Figueira da Foz"]
[Date "2018.11.02"]
[Round "7"]
[White "Fernandes, Joao Pedro Murtinho"]
[Black "Puglia, Francesco"]
[Result "1/2-1/2"]
[ECO "B90"]
[WhiteElo "2067"]
[BlackElo "1803"]
[Annotator "NA RC"]
[PlyCount "59"]
[EventDate "2018.10.30"]
[EventType "swiss"]
[EventCountry "POR"]
[SourceTitle "playchess.com"]
[Source "ChessBase"]
[SourceQuality "1"]
[TimeControl "40/5400+30:1800+30"]

1. e4 {Ftacnik,L} c5 2. Nf3 d6 3. d4 cxd4 4. Nxd4 Nf6 5. Nc3 a6 6. h3 e6 7. g4 d5 8. exd5 Nxd5 9. Nde2 {B81: Sicilian Scheveningen: Keres Attack} h5 10. g5 Bd6 11. Nxd5 exd5 12. Be3 $146 ({Predecessor:} 12. Bg2 O-O 13. O-O Nc6 14. Qxd5 Be6 15. Qf3 Re8 16. Be3 Bc4 {½-½ (42) Anand,V (2780)-Gelfand,B (2740) Zuerich 2013 CBM 153 [Ftacnik,L]}) 12... Nc6 13. Qd2 Bf5 14. Nd4 (14. Bg2 $1 $11) 14... Be4 15. f3 Nxd4 16. Qxd4 Bxf3 17. Qxg7 Bg3+ 18. Kd2 Qa5+ 19. c3 O-O-O 20. Bd3 d4 21. Bxd4 Rhg8 (21... Bf2 $17 22. Bxf2 Bxh1) 22. Qxf7 Qxg5+ 23. Kc2 Bxh1 24. Rxh1 Qd5 (24... Rgf8 $11 25. Qe6+ Kb8) 25. Qxd5 Rxd5 26. Bc4 Rxd4 $1 27. cxd4 Rf8 28. Rd1 Rf2+ 29. Kc3 Rf3+ 30. Rd3 $14 1/2-1/2

[Event "XII Figueira da Foz Open 2018"]
[Site "Figueira da Foz"]
[Date "2018.11.02"]
[Round "7"]
[White "Felizes, Paulo"]
[Black "Morais, Vitor"]
[Result "0-1"]
[ECO "B07"]
[WhiteElo "1965"]
[BlackElo "1918"]
[Annotator "NA RC"]
[PlyCount "98"]
[EventDate "2018.10.30"]
[EventType "swiss"]
[EventCountry "POR"]
[SourceTitle "playchess.com"]
[Source "ChessBase"]
[SourceQuality "1"]
[TimeControl "40/5400+30:1800+30"]

1. d4 d6 2. e4 Nf6 3. Nc3 g6 4. h4 h5 5. Bg5 Bg7 6. e5 Nh7 7. Nf3 Nxg5 8. Nxg5 dxe5 9. Qf3 O-O 10. Bc4 e6 11. d5 exd5 12. Bxd5 Qe7 (12... Qe8 $1 $15) 13. Bxb7 Bxb7 14. Qxb7 Nd7 15. Nd5 Qc5 16. Rd1 Nb6 17. b4 (17. Qc6 $5 Qxc6 18. Ne7+ Kh8 19. Nxc6 $14) 17... Qc4 18. Nxf7 Rab8 19. Qxc7 $19 (19. Ng5 $1 $11 {and White is okay.} Qxc2 20. Ne7+ Kh8 21. Nf7+ Rxf7 22. Qxb8+ Rf8 23. Nxg6+ Qxg6 24. Qb7) 19... Qxc7 20. Nxc7 Rxf7 21. Ne6 Rc8 22. Nc5 Bf8 23. Nd3 e4 24. Ne5 Bxb4+ 25. Ke2 Rxc2+ 26. Ke3 Rfxf2 27. Nxg6 Rxg2 28. Nf4 Bd2+ 29. Kxe4 Bxf4 30. Kxf4 Rxa2 31. Ra1 Kg7 32. Rhg1 Kf6 33. Rxa2 Rxa2 34. Rg5 Ra4+ 35. Kf3 Rxh4 36. Ra5 Nc8 37. Ra6+ Kf5 38. Ra5+ Ke6 39. Kg3 Rh1 40. Kg2 Re1 41. Rxh5 Re5 42. Rh6+ Kd7 43. Kf3 a5 44. Kf4 Re6 45. Rh5 a4 46. Ra5 Nb6 47. Kf5 Re8 48. Rb5 Kc6 49. Rb1 Kc5 0-1

[Event "XII Figueira da Foz Open 2018"]
[Site "Figueira da Foz"]
[Date "2018.11.02"]
[Round "7"]
[White "Lopez de Turiso, Jose Angel"]
[Black "Guerreiro, Nuno"]
[Result "0-1"]
[ECO "A48"]
[WhiteElo "1933"]
[BlackElo "2069"]
[Annotator "NA RC"]
[PlyCount "86"]
[EventDate "2018.10.30"]
[EventType "swiss"]
[EventCountry "POR"]
[SourceTitle "playchess.com"]
[Source "ChessBase"]
[SourceQuality "1"]
[TimeControl "40/5400+30:1800+30"]

1. d4 Nf6 2. Nf3 g6 3. Nbd2 d5 4. e3 Bg7 5. Bd3 O-O 6. b3 c5 7. Bb2 cxd4 8. exd4 Nc6 9. a3 Re8 10. O-O Bg4 11. h3 Bxf3 12. Nxf3 Ne4 13. c4 e6 14. b4 Ng5 15. Ne5 f6 16. Nxc6 bxc6 17. cxd5 cxd5 18. Bb5 Re7 19. Bc6 Rc8 20. b5 Ne4 21. a4 Bh6 22. Re1 Bf4 23. g3 Bb8 24. Ba3 Rg7 25. Rc1 h5 26. Qb3 Nd2 27. Qd3 Ne4 28. Qb3 f5 29. Kg2 h4 30. Re3 hxg3 31. fxg3 Kh7 32. Qd3 Qa5 33. Qd1 Qd8 34. Qd3 Qg5 35. h4 Qh5 36. Qd1 Qh6 37. Qe2 g5 38. hxg5 Qxg5 39. Rh1+ Kg8 40. Qh5 Qxe3 41. Qh8+ Kf7 42. Qh5+ Kf6 43. Qh4+ Qg5 0-1

[Event "XII Figueira da Foz Open 2018"]
[Site "Figueira da Foz"]
[Date "2018.11.02"]
[Round "7"]
[White "Pais, Bruno Miguel Dos Sa"]
[Black "Adams, Philip"]
[Result "1/2-1/2"]
[ECO "E12"]
[WhiteElo "1836"]
[BlackElo "1980"]
[Annotator "NA RC"]
[PlyCount "36"]
[EventDate "2018.10.30"]
[EventType "swiss"]
[EventCountry "POR"]
[SourceTitle "playchess.com"]
[Source "ChessBase"]
[SourceQuality "1"]
[TimeControl "40/5400+30:1800+30"]

1. d4 Nf6 2. c4 e6 3. Nf3 b6 4. a3 c5 5. d5 exd5 6. cxd5 d6 7. e4 g6 8. Nc3 Bg7 9. Bd3 O-O 10. h3 Ba6 11. Bf4 Bxd3 12. Qxd3 a6 13. O-O Ne8 14. Rfe1 f6 15. Bh2 Nd7 $14 16. h4 Ne5 17. Bxe5 dxe5 18. Rad1 Nd6 1/2-1/2